 Dungeon Crawl Stone Soup version 0.22-a0-266-g5fdf0d7 (webtiles) character file.

7068 Ghella the Protected (level 11, 0/69 HPs)
             Began as a Gargoyle Fighter on Mar 8, 2018.
             Was an Elder of Okawaru.
             Slain by Snorg (3 damage)
             ... on level 10 of the Dungeon.
             The game lasted 00:17:59 (11101 turns).

Ghella the Protected (Gargoyle Fighter)            Turns: 11101, Time: 00:17:59

Health: 0/69       AC: 26    Str: 20 (22) XL:     11   Next: 9%
Magic:  10/11      EV: 17    Int:  9 (10) God:    Okawaru [****..]
Gold:   422        SH:  0    Dex: 11 (14) Spells: 10/10 levels left

rFire    . . .     SeeInvis .   z - +3 battleaxe
rCold    . . .     Gourm    .   (shield currently unavailable)
rNeg     + . .     Faith    +   E - +3 chain mail
rPois    ∞         Spirit   .   g - +0 helmet
rElec    +         Reflect  .   (no cloak)
rCorr    .         Harm     .   (no gloves)
MR       .....                  q - +0 pair of boots
Stlth    ..........             I - amulet of faith
HPRegen  0.21/turn              w - +3 ring of slaying
MPRegen  0.12/turn              L - +3 ring of evasion

@: agile
A: negative energy resistance 1, electricity resistance, unbreathing,
petrification resistance, rot immunity, AC +8
a: Heroism, Renounce Religion


You were on level 10 of the Dungeon.
You worshipped Okawaru.
Okawaru was greatly pleased with you.
You were very hungry.

You visited 2 branches of the dungeon, and saw 11 of its levels.
You also visited: Sewer.

You collected 587 gold pieces.
You spent 165 gold pieces at shops.

Inventory:

Hand Weapons
 a - a +0 flail
 z - a +3 battleaxe (weapon)
 H - a +3 mace
 M - a +2 trident of distortion
Armour
 c - a +0 shield
 g - a +0 helmet (worn)
 q - a +0 pair of boots (worn)
 y - a +0 plate armour
 D - the cursed +1 robe of the Fife {SInv Stlth+}
   (You found it on level 5 of the Dungeon)

   It lets you see invisible.
   It makes you more stealthy.
   It has a curse placed upon it.
 E - a +3 chain mail (worn)
Jewellery
 d - an uncursed ring of ice
 w - a +3 ring of slaying (left hand)
 F - an uncursed amulet of regeneration
 I - an amulet of faith (around neck)
 K - an uncursed ring of protection from fire
 L - a +3 ring of evasion (right hand)
Wands
 G - a wand of clouds (7)
Scrolls
 b - a scroll of amnesia
 e - 2 scrolls of enchant weapon
 i - a scroll of random uselessness
 j - 4 scrolls of fog
 k - 4 scrolls of teleportation
 l - 2 scrolls of fear
 A - 2 scrolls of magic mapping
 B - 3 scrolls of remove curse
Potions
 h - 2 potions of ambrosia
 m - 4 potions of flight
 o - 7 potions of curing
 p - a potion of invisibility
 s - a potion of haste
 t - 2 potions of cancellation
 u - a potion of berserk rage
 v - 6 potions of lignification
 x - a potion of degeneration
Comestibles
 f - 17 rations


   Skills:
 + Level 8.4 Fighting
 + Level 7.7(8.7) Axes
 - Level 6.7(8.6) Maces & Flails
 * Level 11.0 Armour
 + Level 3.9 Dodging
 - Level 0.4 Stealth
 - Level 3.2 Shields


You had 10 spell levels left.
You didn't know any spells.

Dungeon Overview and Level Annotations

Branches:
Dungeon (10/15)            Temple (1/1) D:7            Lair (0/6) D:10
    Orc (0/2) D:9

Altars:
Ashenzari
Cheibriados
Dithmenos
Elyvilon
Fedhas
Gozag
Hepliaklqana
Kikubaaqudgha
Makhleb
Nemelex Xobeh
Okawaru
Qazlal
Ru
Sif Muna
Trog
Uskayaw
Vehumet
Wu Jian
Xom
Yredelemnul
Zin
The Shining One

Shops:
D:7 *

Annotations:
D:10 Snorg


Innate Abilities, Weirdness & Mutations

You are resistant to torment.
Your stone body is resilient. (AC +8)
You are immune to poison.
You resist negative energy. (rN+)
You are resistant to electric shocks. (rElec)
You can survive without breathing.
You are immune to petrification.
You are immune to rotting.


Message History

You barely miss Snorg.
Snorg is heavily wounded.
You feel like a meek peon again. Snorg closely misses you. Snorg claws you!
Snorg claws you. Snorg closely misses you.
Snorg claws you but does no damage. x2
You slash Snorg!
Snorg is severely wounded.
Snorg closely misses you. x2; Snorg completely misses you.
Snorg bites you but does no damage. Snorg closely misses you. x2
You hit Snorg.
Snorg is severely wounded.
Snorg bites you.
Snorg claws you but does no damage. x2; Snorg bites you!!
* * * LOW HITPOINT WARNING * * *
Snorg claws you!
* * * LOW HITPOINT WARNING * * *
Snorg misses you.
As you read the scroll of fear, it crumbles to dust.
You assume a fearsome visage.
Snorg bites you but does no damage. Snorg claws you.
You die...

########## .......... ..........
.......... ..........
###################..
#.................)..
#.................)..
#...@T<..............
########...#########.....#..
................#........#..
................#........#..
................#........#..
................#........#..
............<...#........#..
###########...################.>
#.............# #....


You could see Snorg (berserk).

Vanquished Creatures
  A two-headed ogre (D:9)
  The ghost of HEYYEYAAE the Summoner, a novice DgSu (D:10)
  2 trolls
  A hippogriff (D:8)
  5 yaks
  Purgy (Sewer)
  5 orc warriors
  A sky beast (D:7)
  A black bear (D:9)
  6 ogres
  3 phantoms (D:5)
  5 centaurs
  2 big kobolds (D:8)
  A crocodile (D:10)
  A bullfrog (D:5)
  A wyvern skeleton (D:7)
  4 scorpions
  4 wights (D:8)
  A howler monkey (D:7)
  A centaur zombie (D:10)
  4 crimson imps
  3 jellies (D:8)
  2 quasits
  11 orc wizards
  3 bullfrog skeletons
  A bullfrog zombie (D:9)
  3 centaur skeletons
  4 orc priests
  8 hounds
  5 iguanas
  7 worker ants
  Natasha (thrice) (D:3)
  A killer bee zombie (D:9)
  A hound skeleton (D:8)
  2 howler monkey skeletons
  3 gnolls (D:6)
  13 adders
  A river rat (D:3)
  3 shadow imps
  9 oozes
  An adder zombie (D:8)
  2 adder skeletons
  3 worms (D:3)
  2 dart slugs
  4 leopard geckos
  30 orcs
  A ball python (Sewer)
  4 bats
  2 giant cockroaches
  5 goblins
  3 hobgoblins
  15 jackals
  10 kobolds
  A quokka (D:6)
  6 frilled lizards
  A quokka skeleton (D:5)
  7 rats
  A butterfly (D:7)
232 creatures vanquished.

Notes
Turn   | Place    | Note
-------+----------+-------------------------------------------
     0 | D:1      | Ghella the Gargoyle Fighter began the quest for the Orb.
     0 | D:1      | Reached XP level 1. HP: 14/14 MP: 1/1
    28 | D:1      | Reached XP level 2. HP: 19/19 MP: 2/2
   466 | D:2      | Reached skill level 4 in Armour
   466 | D:2      | Reached XP level 3. HP: 21/23 MP: 3/3
  1164 | D:3      | Reached XP level 4. HP: 15/29 MP: 4/4
  1172 | D:3      | Found a glowing drain.
  1177 | Sewer    | Entered a sewer
  1511 | Sewer    | Noticed Purgy
  1519 | Sewer    | Killed Purgy
  1519 | Sewer    | Reached XP level 5. HP: 31/33 MP: 5/5
  1936 | D:3      | Noticed Natasha
  1945 | D:3      | Killed Natasha
  1945 | D:3      | Reached skill level 5 in Armour
  1945 | D:3      | Reached skill level 1 in Dodging
  1986 | D:3      | Reached XP level 6. HP: 38/38 MP: 6/6
  2029 | D:3      | Noticed Natasha
  2041 | D:3      | Killed Natasha
  2112 | D:3      | Noticed Natasha
  2120 | D:3      | Killed Natasha
  2776 | D:4      | Reached XP level 7. HP: 42/44 MP: 7/7
  2963 | D:4      | Reached skill level 5 in Maces & Flails
  3067 | D:5      | Entered Level 5 of the Dungeon
  3384 | D:5      | Reached skill level 6 in Armour
  3418 | D:5      | Reached skill level 5 in Fighting
  3418 | D:5      | Reached XP level 8. HP: 30/49 MP: 8/8
  3548 | D:5      | Found a glowing silver altar of Zin.
  3913 | D:5      | Got an ichor-stained robe
  4637 | D:6      | Reached skill level 7 in Armour
  5636 | D:6      | Found a shattered altar of Ashenzari.
  5923 | D:6      | Reached skill level 8 in Armour
  5923 | D:6      | Reached XP level 9. HP: 31/55 MP: 9/9
  6333 | D:7      | Found a staircase to the Ecumenical Temple.
  6344 | Temple   | Entered the Ecumenical Temple
  6648 | Temple   | Became a worshipper of Warmaster Okawaru
  6742 | D:7      | Found a hide-covered altar of Uskayaw.
  6800 | D:7      | Reached skill level 9 in Armour
  6875 | D:7      | Found a glowing silver altar of Zin.
  6878 | D:7      | Found Focap's Assorted Antiques.
  6915 | D:7      | Bought a dented fluorescent amulet for 165 gold pieces
  7602 | D:8      | Reached * piety under Okawaru
  7604 | D:8      | Reached skill level 1 in Axes
  7609 | D:8      | Identified the cursed +1 robe of the Fife {SInv Stlth+} (You found it on level 5 of the Dungeon)
  7627 | D:8      | Found a white marble altar of Elyvilon.
  7937 | D:8      | Reached skill level 10 in Armour
  8002 | D:8      | Reached XP level 10. HP: 53/63 MP: 10/10
  8644 | D:9      | Reached ** piety under Okawaru
  8653 | D:9      | Reached skill level 5 in Axes
  8961 | D:9      | Found a staircase to the Orcish Mines.
  9334 | D:9      | Found a stormy altar of Qazlal.
  9334 | D:9      | Found a glowing golden altar of the Shining One.
  9380 | D:9      | Reached *** piety under Okawaru
  9746 | D:9      | Noticed a two-headed ogre
  9758 | D:9      | Killed a two-headed ogre
  9758 | D:9      | Reached **** piety under Okawaru
 10039 | D:10     | Entered Level 10 of the Dungeon
 10205 | D:10     | Noticed HEYYEYAAE's ghost (novice DgSu)
 10261 | D:10     | Killed HEYYEYAAE's ghost
 10261 | D:10     | Reached XP level 11. HP: 49/69 MP: 11/11
 10477 | D:10     | Found a staircase to the Lair.
 10664 | D:10     | Reached skill level 11 in Armour
 10665 | D:10     | Noticed Snorg
 11100 | D:10     | HP: 3/69 [Snorg (13)]
 11101 | D:10     | Slain by Snorg

Vault maps used:
D:1:      tarquinn_simple_flora_water_e
D:2:      first_ration, hex_large
D:3:      gup_sewer_entry_bowl, uniq_natasha
D:4:      palyth_stone_intersect
D:5:      basic_altar
D:6:      nicolae_ashenzari_panopticon
D:7:      lemuel_round_altar, kennysheep_little_box,
          minmay_temple_entry_butterflies, serial_shops, shop
D:8:      elyvilon_altar_1, hangedman_little_slice_of_home
D:9:      gammafunk_temple_overflow_wave, orc_0_dummy
D:10:     lair_entry_dummy, uniq_urug, uniq_harold, uniq_psyche, uniq_snorg,
          uniq_sonja
Temple:   minmay_temple_bridge_d
Sewer:    sewer_co_purgy_island

Skill      XL: |  1  2  3  4  5  6  7  8  9 10 11 |
---------------+----------------------------------+-----
Armour         | 4 5 6 8 10 11 | 11.0
Maces & Flails | 3 4 6 |  6.7
Fighting       | 4 5 7 8 |  8.4
Dodging        | 1 2 3 |  3.9
Axes           | 3 7 |  7.7
Stealth        | |  0.4
Shields        | |  3.2

Action                   |  1- 3 |  4- 6 |  7- 9 | 10-12 || total
-------------------------+-------+-------+-------+-------++-------
Melee: Flail             |   105 |   180 |   349 |       ||   634
       Battleaxe         |       |       |    59 |   192 ||   251
Invok: Heroism           |       |       |       |     1 ||     1
  Use: Potion            |     1 |     1 |     1 |     6 ||     9
       Scroll            |     1 |       |     4 |    13 ||    18
  Eat: Chunk             |       |     7 |    13 |     9 ||    29
       Ration            |       |       |     1 |       ||     1
Armor: Scale mail        |    53 |   118 |   121 |       ||   292
       Chain mail        |       |       |   181 |   172 ||   353
       Skin              |       |       |       |    31 ||    31
Dodge: Dodged            |    32 |    80 |   129 |   163 ||   404
Block: Shield            |    53 |   101 |   154 |       ||   308

Table legend:
 A = Spawn XP
 B = Non-spawn XP
 C = Spawn XP percentage of total XP
 D = Spawn monster count
 E = Non-spawn monster count
 F = Spawn count percentage of total count
 G = Total turns spent on level
                    A         B        C        D         E        F      G
               +---------+---------+-------+---------+---------+-------+---------
         Total |       0 |   10098 |   0.0 |       0 |     231 |   0.0 | 11101
               +---------+---------+-------+---------+---------+-------+---------
           D:1 |       0 |      32 |   0.0 |       0 |      15 |   0.0 |   378
           D:2 |       0 |      21 |   0.0 |       0 |       5 |   0.0 |   656
           D:3 |       0 |     210 |   0.0 |       0 |      31 |   0.0 |   911
           D:4 |       0 |     262 |   0.0 |       0 |      12 |   0.0 |   667
           D:5 |       0 |    1001 |   0.0 |       0 |      29 |   0.0 |  2078
           D:6 |       0 |     952 |   0.0 |       0 |      27 |   0.0 |  1006
           D:7 |       0 |     893 |   0.0 |       0 |      19 |   0.0 |   908
           D:8 |       0 |    1878 |   0.0 |       0 |      47 |   0.0 |  1197
           D:9 |       0 |    3429 |   0.0 |       0 |      30 |   0.0 |  1788
          D:10 |       0 |    1261 |   0.0 |       0 |      10 |   0.0 |   677
         Sewer |       0 |     159 |   0.0 |       0 |       6 |   0.0 |   455
               +---------+---------+-------+---------+---------+-------+---------
